 Dungeon Crawl Stone Soup version 0.20.0-15-g7f486f2 (webtiles) character file.

131 raph the Grave Robber (level 4, -1/38 HPs)
             Began as a Deep Dwarf Necromancer on June 11, 2017.
             Slain by an orc
             ... wielding a +0 flail
              (3 damage)
             ... on level 3 of the Dungeon.
             The game lasted 00:07:44 (2985 turns).

raph the Grave Robber (Deep Dwarf Necromancer)      Turns: 2985, Time: 00:07:45

Health: -1/38      AC:  4    Str: 12    XL:     4   Next: 91%
Magic:  0/7        EV: 13    Int: 16    God:
Gold:   106        SH:  0    Dex: 13    Spells: 2/7 levels left

rFire    . . .     SeeInvis .   l - +1 dagger (holy)
rCold    . . .     Gourm    .   (no shield)
rNeg     . . .     Faith    .   o - +0 leather armour
rPois    .         Spirit   .   (no helmet)
rElec    .         Reflect  .   s - +0 cloak
rCorr    .         Harm     .   (no gloves)
MR       .....                  (no boots)
Stlth    ++........             (no amulet)
Regen    0.0/turn               (no ring)
MPRegen  0.1/turn               (no ring)

@: non-regenerating
A: damage resistance, heal wounds, sense surroundings 1, no regeneration
a: Heal Wounds


You were on level 3 of the Dungeon.
You were not hungry.

You visited 1 branch of the dungeon, and saw 3 of its levels.

You collected 106 gold pieces.

Inventory:

Hand Weapons
 e - a +0 dagger
 j - a +0 mace
 l - a +1 dagger of holy wrath (weapon)
 m - a +0 hand axe
Armour
 a - a +0 robe
 o - a +0 leather armour (worn)
 s - a +0 cloak (worn)
Scrolls
 d - a scroll of identify
 f - a scroll of blinking
 g - 2 scrolls of recharging {unknown}
 k - 3 scrolls of immolation {unknown}
 p - 2 scrolls of noise {unknown}
 t - a scroll of enchant weapon {unknown}
Books
 b - a book of Necromancy

   Spells                             Type                      Level
   a - Pain                           Necromancy                   1
   b - Animate Skeleton               Necromancy                   1
   c - Vampiric Draining              Necromancy                   3
   d - Regeneration                   Charms/Necromancy            3
   e - Animate Dead                   Necromancy                   4
   f - Control Undead                 Necromancy                   4
Comestibles
 c - a bread ration
 h - a royal jelly
 i - a meat ration
 n - 2 chunks of flesh
 r - 3 fruits


   Skills:
 + Level 1.0 Fighting
 + Level 3.4 Dodging
 + Level 3.4 Stealth
 + Level 2.2 Spellcasting
 * Level 5.4 Necromancy


You had 2 spell levels left.
You knew the following spells:

 Your Spells              Type           Power        Failure   Level  Hunger
a - Pain                  Necr           ###.         2%          1    #......
b - Animate Skeleton      Necr           N/A          2%          1    #......
c - Vampiric Draining     Necr           ###.......   9%          3    ###....


Dungeon Overview and Level Annotations

Branches:
Dungeon (3/15)

Altars:


Innate Abilities, Weirdness & Mutations

You are resistant to damage.
You can heal yourself by infusing magical energy.
You passively map a small area around you.
You do not regenerate.


Message History

Aim: an orc, wielding a dagger and wearing a ring mail (chance to defeat MR: 89%)
The orc writhes in agony!
The orc hits you but does no damage.
Casting: Pain
Confirm with . or Enter, or press ? or * to list all spells.
Aiming: Pain
Press: ? - help, Shift-Dir - straight line, f/p - orc
Aim: an orc, wielding a dagger and wearing a ring mail (almost dead, chance to defeat MR: 89%)
The orc writhes in agony!
You kill the orc!
Your Fighting skill increases to level 1!
The orc priest calls down the wrath of Beogh upon you.
Beogh smites you!
* * * LOW HITPOINT WARNING * * *
You aren't carrying any potions.
As you read the scroll labeled EPHUGR DANO, it crumbles to dust.
It is a scroll of identify.
f - a scroll of blinking The orc priest calls upon Beogh to heal the orc.
The orc's wounds heal themselves!
The orc hits you with a flail.
You die...

#..........# #...# *
....##..#(## ######...##
...........###..........
..#...#................)..
.... #......###..........
$....##....#.# ####.......
#.......#.#.# #.#...#.
###.##o##.#.# #.#...#.
#..<.o@...# #.#...#. ,
####.###### #.#...#. ,
...# * #....... , #####
.####### * , .** ,, * . *
*, , , , *


You could see an orc priest and an orc.

Vanquished Creatures
  Natasha (D:2)
  An orc wizard (D:3)
  2 worms (D:2)
  4 dart slugs
  3 leopard geckos
  An orc (D:3)
  10 bats
  2 bat zombies (D:1)
  3 giant cockroaches
  6 goblins
  4 hobgoblins
  9 jackals
  4 frilled lizards
  4 kobolds
  7 rats
61 creatures vanquished.

Vanquished Creatures (collateral kills)
  A kobold (D:1)
  A frilled lizard (D:1)
2 creatures vanquished.

Grand Total: 63 creatures vanquished

Notes
Turn   | Place    | Note
-------+----------+-------------------------------------------
     0 | D:1      | raph the Deep Dwarf Necromancer began the quest for the Orb.
     0 | D:1      | Reached XP level 1. HP: 15/15 MP: 3/3
    14 | D:1      | Learned a level 1 spell: Animate Skeleton
   122 | D:1      | Reached XP level 2. HP: 22/22 MP: 1/4
   849 | D:1      | Reached XP level 3. HP: 22/28 MP: 2/6
  1209 | D:2      | Learned a level 3 spell: Vampiric Draining
  1584 | D:2      | Reached skill level 5 in Necromancy
  2112 | D:2      | Noticed Natasha
  2139 | D:2      | Killed Natasha
  2139 | D:2      | Reached XP level 4. HP: 4/37 MP: 1/7
  2984 | D:3      | Reached skill level 1 in Fighting
  2985 | D:3      | Slain by an orc

Skill      XL: |  1  2  3  4 |
---------------+-------------+-----
Spellcasting   | 2 |  2.2
Necromancy     | 5 |  5.4
Stealth        | 3 |  3.4
Dodging        | 3 |  3.4
Fighting       | 1 |  1.0

Action                   |  1- 3 |  4- 6 || total
-------------------------+-------+-------++-------
Melee: Unarmed           |    21 |       ||    21
       Dagger            |    21 |     8 ||    29
       Mace              |     4 |       ||     4
 Cast: Pain              |    77 |    20 ||    97
       Animate Skeleton  |    16 |     5 ||    21
       Vampiric Draining |     6 |    11 ||    17
  Use: Potion            |     1 |     1 ||     2
       Scroll            |       |     1 ||     1
  Eat: Chunk             |     6 |     5 ||    11
Armor: Robe              |    25 |       ||    25
       Leather armour    |    14 |     7 ||    21
Dodge: Dodged            |    72 |    27 ||    99
